 Dungeon Crawl Stone Soup version 0.27.1-1-g398f81649c (webtiles) character file.

Game seed: 6095192924518755105

53 H0rd4k the Insei (level 3, 0/23 HPs)
             Began as an Octopode Transmuter on Sept 6, 2021.
             Succumbed to an adder's poison
             ... on level 2 of the Dungeon.
             The game lasted 00:01:15 (1587 turns).

H0rd4k the Insei (Octopode Transmuter)              Turns: 1587, Time: 00:01:15

Health: 0/23       AC:  1    Str:  9    XL:     3   Next: 87%
Magic:  7/7        EV: 13    Int: 16    God:
Gold:   57         SH:  0    Dex: 12    Spells: 3/7 levels left

rFire    . . .     SeeInvis .     - Unarmed
rCold    . . .     Faith    .   (no shield)
rNeg     . . .     Spirit   .   (helmet currently unavailable)
rPois    .         Reflect  .   (no amulet)
rElec    .         Harm     .   a - ring of willpower
rCorr    .         Rampage  .   (no ring)
Will     +....                  (no ring)
Stlth    ++........             (no ring)
HPRegen  0.07/turn              (no ring)
MPRegen  0.10/turn              (no ring)
                                (no ring)
                                (no ring)

@: lethally poisoned (0 -> -4), appendages (expiring)
A: tentacle spike 3, almost no armour, amphibious, 8 rings, camouflage 1,
gelatinous body 1, (nimble swimmer 1), tentacles
a: End Transformation


You were on level 2 of the Dungeon.
One of your tentacles had grown a beastly spike.
You visited 1 branch of the dungeon, and saw 2 of its levels.

You collected 57 gold pieces.

Inventory:

Jewellery
 a - a ring of willpower (left tentacle)
Scrolls
 b - a scroll of noise {unknown}
 d - a scroll of identify {unknown}
Potions
 c - a potion of resistance {unknown}


   Skills:
 + Level 1.1 Fighting
 + Level 2.2 Dodging
 + Level 3.7 Unarmed Combat
 * Level 2.7 Spellcasting
 * Level 2.3 Transmutations


You had 3 spell levels left.
You knew the following spells:

 Your Spells              Type           Power      Damage    Failure   Level
a - Beastly Appendage     Tmut           18%        N/A       8%          1
b - Spider Form           Tmut/Pois      2%         N/A       34%         3

Your spell library contained the following spells:

 Spells                   Type           Power      Damage    Failure   Level
 Wereblood                Tmut           9%         N/A       11%         2
 Dazzling Flash           Conj/Hex       4%         N/A       50%         3
 Stone Arrow              Conj/Erth      4%         3d7       50%         3
 Ice Form                 Ice/Tmut       5%         N/A       75%         4
 Iskenderun's Mystic Bla  Conj/Tloc      2%         2d3       88%         4
 Starburst                Conj/Fire      1%         6d3       100%        6
 Lehudib's Crystal Spear  Conj/Erth      1%         10d2      100%        8
 Animate Armour           Summ/Erth      Unusable   N/A       N/A         4

Dungeon Overview and Level Annotations

Branches:
Dungeon (2/15)

Altars:


Innate Abilities, Weirdness & Mutations

One of your tentacles has grown a beastly spike.
You cannot wear most types of armour.
You are amphibious.
You can wear up to eight rings at the same time.
Your skin changes colour to match your surroundings (Stealth+).
Your rubbery body absorbs attacks. (AC +1, EV +1)
((You are camouflaged near water. (Stealth+)))
You have tentacles for arms and can constrict up to eight enemies at once.


Message History

Found a faded altar of an unknown god.
An adder comes into view.
The adder hisses angrily.
The adder bites you.
You are poisoned.
The adder poisons you!
You feel sick. The adder bites you.
There is an open door here.
You miss the adder. Your grab misses the adder.
You pierce the adder, but do no damage.
You feel sick. The adder completely misses you.
You tentacle-slap the adder. Your grab misses the adder.
Your squeeze misses the adder.
The adder is lightly wounded.
You feel sick. The adder misses you.
You barely miss the adder. Your grab misses the adder.
The adder is lightly wounded.
You feel sick. The adder bites you.
You tentacle-slap the adder. You grab the adder.
Your tentacle spike misses the adder.
The adder is heavily wounded.
You constrict the adder.
You feel sick. The adder bites you but does no damage. The adder bites you.
* * * LOW HITPOINT WARNING * * *
You tentacle-slap the adder. You squeeze the adder.
You kill the adder!
You feel sick.
You are no longer poisoned.
The adder closely misses you.
You miss the adder. You grab the adder. You constrict the adder.
The adder bites you.
* * * LOW HITPOINT WARNING * * *
You are lethally poisoned!
The adder poisons you!
You tentacle-slap the adder.
You pierce the adder, but do no damage.
You tentacle-slap the adder.
The adder is almost dead.
Your transformation is almost over.
You constrict the adder, but do no damage.
You die...

..≈ #≈≈..# #....#....#
#....#....# #.≈≈≈_≈≈≈.#
#....#....# #....#....#
#..≈≈#≈≈..# #######
#....#S...# ......#
###@##### #####.#
#.#.#.#.##
#.########.#....#.##.#
#####...........†.........
#......#####.....#..#.##.
#.###.## ##...##.......#
#.###.# ##.###########
......# #.# #.##### #.#


You could see an adder.

Vanquished Creatures
  2 adders (D:2)
  2 dart slugs
  7 bats
  A giant cockroach (D:1)
  6 goblins (D:1)
  3 hobgoblins (D:1)
  2 kobolds (D:1)
  2 quokkas (D:1)
  3 rats (D:1)
  A butterfly (D:1)
29 creatures vanquished.

Notes
Turn   | Place    | Note
-------+----------+-------------------------------------------
     0 | D:1      | H0rd4k the Octopode Transmuter began the quest for the Orb.
     0 | D:1      | Reached XP level 1. HP: 13/13 MP: 3/3
   205 | D:1      | Reached XP level 2. HP: 16/18 MP: 5/5
   861 | D:1      | Reached XP level 3. HP: 23/23 MP: 6/6
   865 | D:1      | Learned a level 3 spell: Spider Form
  1575 | D:2      | Found a faded altar of an unknown god.
  1586 | D:2      | HP: 1/23 [adder (4)]
  1587 | D:2      | Succumbed to an adder's poison

Illustrated notes

Levels and vault maps discovered:
D:1:      dpeg_arrival_central, layout_loops_ring, hangedman_glass_garden,
          serial_bayou_crossing
D:2:      layout_loops_corners, shapermc_ecumenical_altar_notcrosses

Action                   || total
-------------------------++-------
Melee: Unarmed           ||    69
       Constrict         ||    22
       Tentacles         ||    10
       Kick              ||     3
       Punch             ||     1
 Cast: Beastly Appendage ||     2
 Stab: Sleeping          ||     8
Armor: Skin              ||    10
Dodge: Dodged            ||    38
